 Dungeon Crawl Stone Soup version 0.21.1-1-g345015fe64 (webtiles) character file.

5491 Morbidden the Cleaver (level 10, -27/129 HPs)
             Began as a Minotaur Fighter on June 12, 2018.
             Was an Elder of Okawaru.
             Killed from afar by a crimson imp (33 damage)
             ... with an exploding inner flame
             ... hexed by the player character
             ... on level 9 of the Dungeon.
             The game lasted 00:42:18 (7347 turns).

Morbidden the Cleaver (Minotaur Fighter)            Turns: 7347, Time: 00:42:19

Health: -27/129    AC: 19    Str: 28    XL:     10   Next: 42%
Magic:  9/11       EV: 10    Int:  8    God:    Okawaru [****..]
Gold:   391        SH: 13    Dex: 11    Spells: 9/9 levels left

rFire    . . .     SeeInvis .   a - +1 war axe
rCold    . . .     Gourm    .   c - +0 shield
rNeg     . . .     Faith    .   n - +0 plate armour
rPois    +         Spirit   .   (helmet restricted)
rElec    .         Reflect  .   E - +2 cloak
rCorr    .         Harm     .   (no gloves)
MR       .....                  (no boots)
Stlth    ..........             (no amulet)
HPRegen  0.31/turn              j - ring of poison resistance
MPRegen  0.12/turn              z - +3 ring of intelligence

@: mighty, berserking, lethally poisoned (-27 -> -31), heroism, very quick
A: retaliatory headbutt, horns 2
a: Heroism, Renounce Religion


You were on level 9 of the Dungeon.
You worshipped Okawaru.
Okawaru was greatly pleased with you.
You were not hungry.

You visited 2 branches of the dungeon, and saw 10 of its levels.

You collected 391 gold pieces.

Inventory:

Hand Weapons
 a - a +1 war axe (weapon)
Armour
 c - a +0 shield (worn)
 n - a +0 plate armour (worn)
 t - a +0 scale mail of cold resistance
 E - a +2 cloak (worn)
Jewellery
 j - a ring of poison resistance (left hand)
 z - a +3 ring of intelligence (right hand)
Wands
 h - a wand of random effects (5)
 p - a wand of clouds (6)
 y - a wand of disintegration (13)
 C - a wand of paralysis (8)
Scrolls
 e - 2 scrolls of identify
 g - 9 scrolls of remove curse
 k - 3 scrolls of amnesia
 r - a scroll of enchant weapon
Potions
 b - a potion of agility
 i - 4 potions of curing
 l - a potion of resistance {unknown}
 s - a potion of brilliance {unknown}
 u - a potion of mutation {unknown}
 w - a potion of invisibility {unknown}
 x - 2 potions of haste {unknown}
 A - a potion of lignification {unknown}
Books
 D - a book of Misfortune

   Spells                             Type                      Level
   a - Confusing Touch                Hexes                        1
   b - Confuse                        Hexes                        3
   c - Gell's Gravitas                Translocation                3
   d - Petrify                        Transmutation/Earth          4
   e - Metabolic Englaciation         Hexes/Ice                    5
   f - Yara's Violent Unravelling     Hexes/Transmutation          5
Comestibles
 f - 17 rations


   Skills:
 + Level 7.1(12.1) Fighting
 + Level 13.5(18.5) Axes
 + Level 8.1(13.1) Armour
 + Level 1.3(6.3) Dodging
 + Level 7.2(12.2) Shields
 + Level 3.8 Invocations


You had 9 spell levels left.
You didn't know any spells.

Dungeon Overview and Level Annotations

Branches:
Dungeon (9/15)             Temple (1/1) D:4
   Lair: D:8-11         Orc: D:9-12

Altars:
Ashenzari
Cheibriados
Dithmenos
Elyvilon
Fedhas
Gozag
Hepliaklqana
Kikubaaqudgha
Makhleb
Nemelex Xobeh
Okawaru
Qazlal
Ru
Sif Muna
Trog
Uskayaw
Vehumet
Wu Jian
Xom
Yredelemnul
Zin
The Shining One

Shops:
D:5 *

Annotations:
D:9 2 transporters


Innate Abilities, Weirdness & Mutations

You reflexively headbutt those who attack you in melee.
You have a pair of horns on your head.


Message History

You hit the yaktaur captain. The meliai hits you but does no damage.
The meliai stings you but does no damage.
Unknown command.
You closely miss the meliai. Your headbutt misses the meliai.
You slash the yaktaur captain! You slash the wyvern!
The wyvern explodes!
The fiery explosion engulfs the centaur skeleton.
You destroy the centaur skeleton!
Okawaru accepts your kill.
The fiery explosion engulfs the crimson imp.
The crimson imp completely resists.
The crimson imp is heavily wounded.
The fiery explosion engulfs you!
* * * LOW HITPOINT WARNING * * *
Okawaru accepts your kill.
Your base Fighting skill increases to level 7!
You slash the crimson imp!
The crimson imp explodes!
The fiery explosion engulfs you!
You die...

#.# ###### #.#
##...........## #.#
#..#########..# #.#
#.##...%...##.#
#.#####.#8..#.#..8#.#
......#.#)$#...#..#.##
#####...#%$....§§.#..###
#..©#©"%..§§§.#©.... #
##..#)%%..§§@.#....# #
##.#$$#.F§#yc#.#... #
#.#8..#.#.Q8#.# #
#.##.....$.##.#
#).#########..#
##...........##
#...........##
#.#...#####.# #.#.#.#..
.#


You could see a yaktaur captain (inner flame), a tengu warrior, a blink frog
shaped shifter and a meliai (inner flame).

Vanquished Creatures
  The ghost of LevaFresel the Slasher, a novice HuFi of Nemelex Xobeh (D:7)
  An unseen horror (D:7)
  The ghost of Htamos the Covert, a novice SpEn of Dithmenos (D:6)
  2 centaur skeletons
  A hippogriff (D:7)
  A wyvern (D:9)
  A hungry ghost (D:8)
  Menkaure (D:7)
  Edmund (D:6)
  An orc warrior (D:8)
  A water moccasin (D:5)
  A black bear (D:4)
  3 ice beasts
  4 sky beasts
  2 phantoms
  2 ogres (D:8)
  4 centaurs
  3 bullfrogs
  A water moccasin zombie (D:7)
  A wyvern skeleton (D:7)
  3 wights (D:7)
  2 howler monkeys
  3 hounds
  4 orc priests
  A jelly (D:5)
  9 orc wizards
  A bullfrog skeleton (D:6)
  Terence (D:2)
  An iguana (D:4)
  4 worker ants
  A hound zombie (D:5)
  2 hound skeletons
  A worker ant zombie (D:7)
  14 gnolls
  2 howler monkey skeletons
  6 adders
  2 shadow imps
  3 oozes
  2 adder skeletons
  4 dart slugs
  A worm (D:2)
  3 leopard geckos
  33 orcs
  A ball python (D:6)
  A giant cockroach (D:2)
  4 goblins
  9 hobgoblins
  5 jackals
  6 kobolds
  3 quokkas
  6 bats
  3 frilled lizards
  A jackal zombie (D:5)
  A leopard gecko skeleton (D:8)
  3 rats
179 creatures vanquished.

Notes
Turn   | Place    | Note
-------+----------+-------------------------------------------
     0 | D:1      | Morbidden the Minotaur Fighter began the quest for the Orb.
     0 | D:1      | Reached XP level 1. HP: 19/19 MP: 0/0
    36 | D:1      | Reached XP level 2. HP: 24/27 MP: 1/1
    87 | D:1      | Reached skill level 3 in Axes
   293 | D:1      | Reached XP level 3. HP: 30/33 MP: 2/2
   465 | D:2      | Reached skill level 4 in Axes
   467 | D:2      | Noticed Terence
   474 | D:2      | Killed Terence
   474 | D:2      | Reached XP level 4. HP: 29/40 MP: 3/3
   725 | D:2      | Reached skill level 5 in Axes
   967 | D:1      | Reached XP level 5. HP: 16/46 MP: 4/4
  1686 | D:3      | Reached skill level 6 in Axes
  1729 | D:3      | Found an opulent altar of Gozag.
  1976 | D:3      | Reached skill level 7 in Axes
  2054 | D:3      | Reached XP level 6. HP: 35/52 MP: 5/5
  2580 | D:4      | Reached skill level 8 in Axes
  2793 | D:4      | Found a staircase to the Ecumenical Temple.
  2799 | Temple   | Entered the Ecumenical Temple
  2993 | Temple   | Became a worshipper of Warmaster Okawaru
  3240 | D:4      | Reached XP level 7. HP: 54/58 MP: 6/6
  3257 | D:4      | Found a snail-covered altar of Cheibriados.
  3343 | D:4      | Reached skill level 9 in Axes
  3433 | D:5      | Entered Level 5 of the Dungeon
  3566 | D:5      | Reached skill level 1 in Invocations
  4248 | D:5      | Found Acacop's Serpentskin Sales.
  4260 | D:5      | Reached * piety under Okawaru
  4260 | D:5      | Reached skill level 10 in Axes
  4629 | D:5      | Found a hazy altar of Hepliaklqana.
  4639 | D:5      | Found an ornate altar of the Wu Jian Council.
  4643 | D:5      | Found a sacrificial altar of Ru.
  4706 | D:6      | Reached XP level 8. HP: 66/66 MP: 8/8
  4759 | D:6      | Noticed Edmund
  4816 | D:6      | Reached skill level 5 in Armour
  4958 | D:6      | Noticed Htamos's ghost (novice SpEn)
  4970 | D:6      | Killed Htamos's ghost
  4970 | D:6      | Reached skill level 11 in Axes
  5038 | D:6      | Reached ** piety under Okawaru
  5225 | D:6      | Killed Edmund
  5225 | D:6      | Reached skill level 5 in Fighting
  5319 | D:6      | Reached XP level 9. HP: 34/74 MP: 10/10
  5880 | D:7      | Noticed Menkaure
  5887 | D:7      | Killed Menkaure
  5955 | D:7      | Reached skill level 5 in Shields
  5987 | D:7      | Reached skill level 1 in Dodging
  6002 | D:7      | Reached skill level 12 in Axes
  6039 | D:7      | You fall through a shaft!
  6169 | D:7      | Reached *** piety under Okawaru
  6216 | D:7      | Killed an unseen horror
  6567 | D:7      | Reached skill level 13 in Axes
  6567 | D:7      | Reached XP level 10. HP: 57/83 MP: 11/11
  6579 | D:7      | Noticed LevaFresel's ghost (novice HuFi)
  6631 | D:7      | Killed LevaFresel's ghost
  6631 | D:7      | Reached **** piety under Okawaru
  7272 | D:9      | Found a transporter.
  7273 | D:9      | Found the +7 great mace "Firestarter" {inner flame, rF++}
  7274 | D:9      | Noticed a yaktaur captain
  7277 | D:9      | Noticed a tengu warrior
  7302 | D:9      | Found a transporter.
  7347 | D:9      | HP: 5/126 [wyvern/exploding inner flame[the player character] (34)]
  7347 | D:9      | Killed from afar by a crimson imp

Skill      XL: |  1  2  3  4  5  6  7  8  9 10 |
---------------+-------------------------------+-----
Armour         | 4 6 7 8 |  8.1
Axes           | 3 4 5 7 8 10 11 13 | 13.5
Invocations    | 1 3 |  3.8
Fighting       | 4 5 6 7 |  7.1
Shields        | 4 6 7 |  7.2
Dodging        | 1 |  1.3

Action                   |  1- 3 |  4- 6 |  7- 9 | 10-12 || total
-------------------------+-------+-------+-------+-------++-------
Melee: War axe           |    51 |   135 |   368 |    74 ||   628
       Headbutt          |    10 |    18 |    72 |    12 ||   112
Invok: Heroism           |       |       |     5 |     3 ||     8
  Use: Scroll            |       |     2 |     7 |     4 ||    13
       Potion            |       |       |     3 |     4 ||     7
  Eat: Chunk             |       |     6 |    12 |     3 ||    21
Armor: Scale mail        |    25 |    34 |       |       ||    59
       Plate armour      |       |     2 |   160 |    37 ||   199
Dodge: Dodged            |    20 |    32 |    56 |    17 ||   125
Block: Shield            |    36 |    76 |   162 |    32 ||   306
